AoeStats
← Random

Hill Fort

506563645Analyzed
4v4 RM · 19d ago on Sep 14, 2026· 44m 20s· 8 players
Game mode
Random Map
Map size
Large (8 player)
Population
200
Speed
Normal
Resources
Standard
Victory
Conquest
Starting age
Dark Age
Ending age
Imperial Age
RankedLock teamsTeams togetherTeam positionsShared explorationLock speedFull tech treeHidden civsTurbo modeCheats
Victory
Defeat
🇺🇸 Tupi · United States
1629
+14
🇵🇪 Bulgarians · Peru
1561
+17
🇺🇸 Burmese · United States
1549
+17
🇨🇳 Lithuanians · China
1534
+18
🇦🇷 Khitans · Argentina
1631
-18
🇦🇷 Japanese · Argentina
1605
-18
🇦🇷 Berbers · Argentina
1593
-17
🇦🇷 Gurjaras · Argentina
1505
-13
Yisaac
10:04 Feudal Age
11:55 Loom
15:41 Castle Age
14:03 Double-Bit Axe
14:19 Horse Collar
16:44 Bow Saw
17:45 Scale Barding Armor
21:56 Town Watch
25:10 Bloodlines
25:27 Chain Barding Armor
32:22 Imperial Age
30:54 Forging
32:16 Iron Casting
33:26 Wheelbarrow
32:37 Pikeman
33:18 Squires
34:18 Plate Barding Armor
34:20 Scale Mail Armor
34:57 Conscription
34:50 Husbandry
35:32 Chain Mail Armor
36:18 Stirrups
36:31 Halberdier
39:47 Elite Konnik
42:01 Blast Furnace
41:32 Plate Mail Armor
44:36 Fletching
Random
10:25 Feudal Age
11:22 Horse Collar
11:28 Double-Bit Axe
11:45 Loom
15:24 Castle Age
13:24 Champi Runner
14:41 Champi Runner
15:58 Forging
17:11 Champi Warrior
19:03 Town Watch
19:03 Loom
20:36 Scale Mail Armor
21:51 Squires
22:10 Chain Mail Armor
22:48 Heavy Plow
23:04 Bow Saw
27:26 Wheelbarrow
28:42 Gold Mining
33:29 Imperial Age
31:53 Iron Casting
32:40 Fletching
32:33 Pikeman
35:02 Plate Mail Armor
34:56 Bodkin Arrow
37:15 Conscription
37:09 Caciques
36:39 Elite Champi Warrior
37:53 Caravan
37:37 Halberdier
39:06 Hand Cart
39:32 Capped Ram
41:26 Hoardings
40:31 Siege Ram
44:54 Padded Archer Armor
Buhr
11:50 Feudal Age
15:45 Castle Age
13:50 Horse Collar
15:37 Loom
18:41 Husbandry
18:52 Bloodlines
19:07 Padded Archer Armor
33:07 Imperial Age
31:43 Town Watch
32:33 Wheelbarrow
33:17 Gold Mining
33:18 Stone Mining
34:53 Conscription
37:03 Elite Arambai
39:27 Fletching
78088344
10:49 Feudal Age
14:57 Castle Age
13:03 Double-Bit Axe
13:15 Horse Collar
18:23 Man-at-Arms
21:52 Scale Barding Armor
22:53 Gold Mining
24:43 Chain Barding Armor
25:30 Bloodlines
26:49 Husbandry
28:40 Forging
29:05 Bow Saw
29:05 Heavy Plow
29:53 Iron Casting
30:17 Town Watch
33:32 Loom
34:22 Wheelbarrow
36:18 Hand Cart
38:43 Imperial Age
38:51 Cavalier
40:09 Plate Barding Armor
41:31 Paladin
43:23 Conscription
Ds3.Anakin
8:06 Loom
8:14 Loom
10:10 Feudal Age
14:37 Castle Age
13:45 Double-Bit Axe
13:42 Horse Collar
15:19 Loom
15:56 Bow Saw
17:19 Fletching
17:56 Town Watch
18:26 Gold Mining
22:00 Husbandry
23:27 Bodkin Arrow
26:48 Ballistics
32:19 Wheelbarrow
36:04 Heavy Plow
39:18 Fortified Wall
44:09 Imperial Age
42:30 Padded Archer Armor
43:41 Hand Cart
43:51 Leather Archer Armor
Ds3.TheRazor
4:55 Loom
11:16 Feudal Age
15:49 Castle Age
14:26 Double-Bit Axe
18:23 Horse Collar
20:48 Bow Saw
23:01 Wheelbarrow
23:37 Husbandry
25:04 Bloodlines
25:52 Scale Barding Armor
26:58 Forging
27:51 Heavy Plow
29:31 Hand Cart
29:47 Town Watch
30:53 Chain Barding Armor
32:27 Iron Casting
35:30 Imperial Age
35:29 Gold Mining
35:30 Stone Mining
36:48 Plate Barding Armor
35:38 Heavy Camel Rider
37:26 Frontier Guards
40:32 Conscription
39:33 Elite Chakram Thrower
40:15 Scale Mail Armor
42:35 Chain Mail Armor
42:57 Hoardings
43:00 Light Cavalry
43:40 Hussar
Ds3.EzE
10:48 Feudal Age
12:35 Loom
15:44 Castle Age
14:14 Double-Bit Axe
14:43 Horse Collar
15:10 Gold Mining
16:04 Scale Barding Armor
16:21 Bloodlines
18:13 Scale Barding Armor
20:33 Husbandry
22:41 Forging
25:10 Bow Saw
28:13 Wheelbarrow
28:18 Town Watch
29:14 Chain Barding Armor
35:24 Hand Cart
38:06 Imperial Age
38:20 Imperial Age
37:15 Iron Casting
37:44 Fletching
38:08 Heavy Plow
38:24 Cavalier
39:40 Plate Barding Armor
40:07 Blast Furnace
39:36 Light Cavalry
40:26 Bodkin Arrow
44:08 Ballistics
44:48 Chemistry
44:23 Bracer
44:25 Padded Archer Armor
Ds3.SoLid
11:04 Feudal Age
12:55 Loom
15:55 Castle Age
13:59 Double-Bit Axe
14:23 Domestication
16:55 Bow Saw
17:22 Pastoralism
20:36 Town Watch
21:31 Wheelbarrow
22:19 Husbandry
24:49 Hand Cart
25:21 Scale Barding Armor
25:36 Forging
27:46 Chain Barding Armor
28:06 Iron Casting
29:45 Chain Barding Armor
32:58 Imperial Age
32:41 Gold Mining
32:43 Stone Mining
33:03 Heavy Camel Rider
34:20 Plate Barding Armor
33:39 Light Cavalry
34:55 Transhumance
35:29 Two-Man Saw
36:40 Hussar
37:13 Fletching
38:32 Heavy Cavalry Archer
39:37 Parthian Tactics
39:19 Thumb Ring
39:11 Bodkin Arrow
39:38 Ballistics
40:18 Chemistry
40:12 Conscription
42:36 Padded Archer Armor
42:36 Bracer
42:43 Padded Archer Armor
42:45 Bracer
42:46 Padded Archer Armor
Connection lost

Rejoining the realm…

Still unreachable

The connection could not be restored.

Session expired

The server has moved on; the page needs a fresh start.